 Dungeon Crawl Stone Soup version 0.20-a0-830-g2c9a30d (webtiles) character file.

622 GreetingsTrabeler the Insei (level 7, -7/48 HPs)
             Began as a Human Transmuter on Mar 6, 2017.
             Was an Initiate of Wu Jian.
             Killed from afar by Dowan (8 damage)
             ... with a wand of flame (?/48)
             ... on level 5 of the Dungeon.
             The game lasted 00:22:11 (7162 turns).

GreetingsTrabeler the Insei (Human Transmuter)      Turns: 7162, Time: 00:22:12

Health: -7/48      AC:  5    Str: 12 (13) XL:     7   Next: 75%
Magic:  0/9        EV: 12    Int: 10 (13) God:    Wu Jian [......]
Gold:   175        SH:  0    Dex: 14 (17) Spells: 4/10 levels left

rFire    . . .     SeeInvis .     - Unarmed
rCold    . . .     Gourm    .   b - +0 robe
rNeg     . . .     Faith    .   (no shield)
rPois    .         Spirit   +   (no helmet)
rElec    .         Reflect  .   o - +1 cloak
rCorr    .         Harm     .   (no gloves)
MR       .....                  s - +0 pair of boots
Stlth    +.........             k - amulet of guardian spirit
Regen    0.2/turn               (no ring)
MPRegen  0.2/turn               (no ring)

@: drained
A: agile 1, blurry vision 1, low mp 1, strong 1
a: Renounce Religion


You were on level 5 of the Dungeon.
You worshipped Wu Jian.
Wu Jian was noncommittal.
You were not hungry.

You visited 2 branches of the dungeon, and saw 6 of its levels.

You collected 175 gold pieces.

Inventory:

Missiles
 a - 104 arrows
Armour
 b - a +0 robe (worn)
 o - a +1 cloak (worn)
 s - a +0 pair of boots (worn)
Jewellery
 k - an amulet of guardian spirit (around neck)
 q - an uncursed ring of protection from fire {unknown}
Wands
 m - a wand of random effects (25/48)
 v - a wand of random effects (38/48)
Scrolls
 f - 2 scrolls of blinking {unknown}
 g - 8 scrolls of identify {unknown}
 i - 2 scrolls of fear {unknown}
 j - 3 scrolls of remove curse {unknown}
Potions
 h - a potion of flight
 t - a potion of cancellation
 w - 2 potions of magic
Books
 c - a book of Changes

   Spells                             Type                      Level
   a - Beastly Appendage              Transmutation                1
   b - Sticks to Snakes               Transmutation                2
   c - Spider Form                    Transmutation/Poison         3
   d - Ice Form                       Ice/Transmutation            4
   e - Blade Hands                    Transmutation                5
Comestibles
 d - 3 bread rations
 l - a royal jelly
 n - a meat ration
 p - a fruit
 u - 2 chunks of flesh


   Skills:
 - Level 1.0(0.3) Fighting
 - Level 2.0(1.2) Dodging
 + Level 6.4(5.6) Unarmed Combat
 - Level 2.0(1.2) Spellcasting
 + Level 5.6(4.8) Transmutations


You had 4 spell levels left.
You knew the following spells:

 Your Spells              Type           Power        Failure   Level  Hunger
a - Beastly Appendage     Tmut           ##....       6%          1    ##.....
b - Sticks to Snakes      Tmut           ##......     10%         2    ###....
c - Spider Form           Tmut/Pois      #.........   38%         3    ####...


Dungeon Overview and Level Annotations

Branches:
Dungeon (5/15)             Temple (1/1) D:4

Altars:
Cheibriados
Dithmenos
Elyvilon
Gozag
Kikubaaqudgha
Makhleb
Okawaru
Sif Muna
Trog
Uskayaw
Vehumet
Wu Jian
Yredelemnul
The Shining One

Annotations:
D:5 Dowan


Innate Abilities, Weirdness & Mutations

You are agile. (Dex +2)
Scrolls take you a little longer to read.
Your magical capacity is low. (-10% MP)
Your muscles are strong. (Str +2)


Message History

You feel better. Dowan closely misses you.
You closely miss Dowan.
Dowan is heavily wounded.
Dowan misses you.
Okay, then.
You hit Dowan.
Dowan is severely wounded.
Dowan gestures wildly while chanting.
Dowan blinks!
It was a potion of degeneration.
There was something very wrong with that liquid.
You feel weakened.
You feel dopey.
You feel clumsy.
Dowan zaps a wand.
The puff of flame hits you!
* * * LOW HITPOINT WARNING * * *
Your transformation has ended.
Your +1 cloak unmelds from your body.
Your +0 pair of boots unmelds from your body.
Your +0 robe unmelds from your body.
Dowan zaps a wand.
The puff of flame hits you!
You die...

# #...........
#. #
#.#.........#
# #
..e#......#
#.......# #
#...#
#.##e####...
#.....)....#
#.##e#########
# #ยง).@.....#
#########.#
#.# #.#
#####.# ...#.#
#######.#.#
###
#)........#
...
.........##
###


You could see Dowan.

Vanquished Creatures
  Duvessa (D:5)
  A phantom (D:4)
  A centaur (D:5)
  A jelly (D:5)
  3 orc wizards (D:5)
  Terence (D:2)
  An iguana (D:4)
  A gnoll (D:1)
  4 adders
  An ooze (D:4)
  An adder skeleton (D:5)
  2 worms (D:2)
  4 dart slugs
  The ghost of 4thArraOfDagon the Scratcher, a weakling FeWn (D:3)
  6 leopard geckos
  13 orcs
  17 hobgoblins
  12 jackals
  3 quokkas
  A ball python (D:4)
  4 bats
  7 frilled lizards
  8 goblins
  9 kobolds
  5 rats
108 creatures vanquished.

Notes
Turn   | Place    | Note
-------+----------+-------------------------------------------
     0 | D:1      | GreetingsTrabeler the Human Transmuter began the quest for the Orb.
     0 | D:1      | Reached XP level 1. HP: 15/15 MP: 3/3
    86 | D:1      | Reached XP level 2. HP: 3/21 MP: 3/5
   858 | D:1      | Reached XP level 3. HP: 23/26 MP: 4/6
  1900 | D:1      | Reached XP level 4. HP: 29/32 MP: 7/7
  2053 | D:1      | Learned a level 2 spell: Sticks to Snakes
  2108 | D:2      | Reached skill level 4 in Unarmed Combat
  2119 | D:2      | Noticed Terence
  2133 | D:2      | Killed Terence
  2765 | D:2      | Reached XP level 5. HP: 18/37 MP: 8/8
  4048 | D:3      | Learned a level 3 spell: Spider Form
  4154 | D:3      | Found a shadowy altar of Dithmenos.
  4193 | D:3      | Noticed 4thArraOfDagon's ghost (weakling FeWn)
  4201 | D:3      | Killed 4thArraOfDagon's ghost
  4624 | D:3      | Found a basalt altar of Yredelemnul.
  5496 | D:4      | Noticed a phantom
  5540 | D:4      | Killed a phantom
  5540 | D:4      | Reached skill level 5 in Unarmed Combat
  5540 | D:4      | Reached XP level 6. HP: 16/43 MP: 3/9
  5798 | D:4      | Found a staircase to the Ecumenical Temple.
  5804 | Temple   | Entered the Ecumenical Temple
  5865 | Temple   | Became a worshipper of the Wu Jian Council
  6099 | D:5      | Entered Level 5 of the Dungeon
  6413 | D:5      | Gained mutation: Scrolls take you a little longer to read. [potion of mutation]
  6413 | D:5      | Gained mutation: Your magical capacity is low. (-10% MP) [potion of mutation]
  6413 | D:5      | Gained mutation: Your muscles are strong. (Str +2) [potion of mutation]
  6413 | D:5      | Gained mutation: You are agile. (Dex +2) [potion of mutation]
  6418 | D:5      | HP: 1/43 [orc wizard/puff of frost (6)]
  6422 | D:5      | Reached skill level 5 in Transmutations
  6422 | D:5      | Reached XP level 7. HP: 13/48 MP: 0/9
  6921 | D:5      | Reached skill level 6 in Unarmed Combat
  7134 | D:5      | Noticed Dowan
  7137 | D:5      | Noticed Duvessa
  7153 | D:5      | Killed Duvessa
  7161 | D:5      | HP: 1/48 [Dowan/wand of flame (?/48) (8)]
  7162 | D:5      | Killed from afar by Dowan

Vault maps used:
D:1:      dpeg_arrival_boxes_within_box, hangedman_decor_points
D:2:      uniq_terence
D:3:      corexii_shack_village, nicolae_dithmenos_shadow_blocks,
          lemuel_round_altar, serial_glass, glass_columns_a, glass_columns_a
D:4:      minmay_temple_entry_metal_lava
D:5:      first_bread, minmay_misc_feat_tiny, uniq_sigmund, uniq_duvessa
Temple:   nicolae_temple_x_marks_the_god

Skill      XL: |  1  2  3  4  5  6  7 |
---------------+----------------------+-----
Transmutations | 3 4 5 |  5.6
Unarmed Combat | 4 5 6 |  6.4
Fighting       | |  1.0
Dodging        | |  2.0
Spellcasting   | |  2.0

Action                   |  1- 3 |  4- 6 |  7- 9 || total
-------------------------+-------+-------+-------++-------
Melee: Unarmed           |   108 |   297 |    53 ||   458
       Kick              |     6 |    18 |       ||    24
       Punch             |     4 |     4 |       ||     8
       Headbutt          |     6 |    16 |     3 ||    25
 Cast: Beastly Appendage |    18 |    31 |     3 ||    52
       Sticks to Snakes  |       |     1 |     1 ||     2
       Spider Form       |       |     3 |     3 ||     6
  Use: Potion            |       |     7 |     2 ||     9
 Stab: Sleeping          |     1 |     2 |     1 ||     4
       Distracted        |       |     1 |       ||     1
  Eat: Chunk             |     2 |    17 |     4 ||    23
Armor: Robe              |    12 |    54 |     7 ||    73
       Skin              |       |     1 |     1 ||     2
Dodge: Dodged            |    67 |   172 |    33 ||   272
